 Dungeon Crawl Stone Soup version 0.28-a0-819-g6ef7baa362 (webtiles) character file.

Game seed: 6551562738739032344

1384 lunkers the Magician (level 8, 0/62 HPs)
             Began as a Djinni Cinder Acolyte on Nov 8, 2021.
             Was a High Priest of Ignis.
             Slain by a two-headed ogre (18 damage)
             ... on level 6 of the Dungeon on Nov 9, 2021.
             The game lasted 00:12:46 (7124 turns).

lunkers the Magician (Djinni Cinder Acolyte)        Turns: 7124, Time: 00:12:47

Health: 0/62       AC:  8    Str: 13    XL:     8   Next: 99%
Gold:   327        EV:  8    Int: 27    God:    Ignis [*****.] SH:  0 Dex:  8

rFire   + + +      SeeInvis .   a - +7 mace of Internal Strife {vorpal, Will+ Int+8}
rCold   x . .      Faith    .   (no shield)
rNeg    . . .      Spirit   .   k - +1 scale mail {Will+}
rPois   ∞          Reflect  .   (no helmet)
rElec   .          Harm     .   (no cloak)
rCorr   +          Rampage  .   m - +0 pair of gloves
Will    ++...                   (boots unavailable)
Stlth   ..........              c - amulet of the acrobat
HPRegen 0.20/turn               l - ring of resist corrosion
MPRegen 0.00/turn               (no ring)

@: flying
A: sickness immunity, fire resistance 2, cold vulnerability 1, float, innate
caster, hp casting, extra vitality 1
a: Renounce Religion, Sea of Fire, Foxfire Swarm, Rising Flame


You were on level 6 of the Dungeon.
You worshipped Ignis.
Ignis was extremely pleased with you.
You visited 1 branch of the dungeon, and saw 6 of its levels.

You collected 327 gold pieces.

Inventory:

Hand Weapons
 a - the +7 mace of Internal Strife (weapon) {vorpal, Will+ Int+8}
   (You found it on level 5 of the Dungeon)

   It inflicts extra damage upon your enemies.
   Int:       It affects your intelligence (+8).
   Will:      It increases your willpower.
 p - a +2 dagger of venom
Armour
 b - a +0 robe
 k - a +1 scale mail of willpower (worn)
 m - a +0 pair of gloves (worn)
Jewellery
 c - an amulet of the acrobat (around neck)
 l - a ring of resist corrosion (left hand)
Wands
 g - a wand of iceblast (18)
 n - a wand of flame (38)
 o - a wand of mindburst (10)
 q - a wand of digging (5)
 r - a wand of acid (4)
Scrolls
 i - 3 scrolls of identify
Potions
 d - 3 potions of lignification
 e - a potion of haste {unknown}
 f - a potion of invisibility
 h - 2 potions of attraction
 j - a potion of curing {unknown}


   Skills:
 + Level 6.6 Fighting
 - Level 2.6 Short Blades
 * Level 7.0 Spellcasting


You had 13 spell levels left.
You knew the following spells:

 Your Spells              Type           Power      Damage    Failure   Level
a - Sting                 Tmut/Pois      100%       1d8       1%          1
b - Scorch                Fire           94%        2d10      2%          2
c - Call Imp              Summ           47%        N/A       2%          2
d - Lesser Beckoning      Tloc           47%        N/A       4%          3
Your spell library was empty.

Dungeon Overview and Level Annotations

Branches:
Dungeon (6/15)
 Temple: D:4-7

Altars:
Dithmenos
Elyvilon
Okawaru
Ru
Uskayaw
Xom
Yredelemnul

Shops:
D:2 (   D:4 ?

Annotations:
D:3 1 runed translucent door
D:6 Maggie


Innate Abilities, Weirdness & Mutations

You are immune to sickness and miasma.
You are immune to poison.
Your flesh is very heat resistant. (rF++)
You are vulnerable to cold. (rC-)
You float through the air rather than walking.
You learn spells naturally, not from books.
Your magical power is your life essence.
You have superior vitality. (+4 HP)


Message History

Maggie attempts to bespell you! You resist with almost no effort.
Maggie casts a spell.
Maggie attempts to bespell you! You resist with almost no effort.
There is a stone staircase leading up here.
Casting: Scorch (safe; 2% risk of failure)
Press: ? - help, Q - select action, (/) - cycle Dir - look around, f - activate Flames lash the two-headed ogre.
The two-headed ogre is burned terribly!
The two-headed ogre is heavily wounded.
* * * LOW HITPOINT WARNING * * *
The two-headed ogre is no longer more vulnerable to fire.
Aiming: Iceblast
Press: ? - help, Shift-Dir - straight line, f - two-headed ogre
Aim: a two-headed ogre, wielding a +0 giant spiked club and a +0 giant club (heavily wounded)
The mass of ice explodes!
The iceblast engulfs the two-headed ogre!
The two-headed ogre is severely wounded.
The iceblast engulfs the scorpion!
You kill the scorpion!
You hear a shout! x4
Your Spellcasting skill increases to level 7!
Unknown command.
Unknown command.
Casting: Scorch (safe; 2% risk of failure)
Press: ? - help, Q - select action, (/) - cycle Dir - look around, f - activate Flames lash the two-headed ogre.
The two-headed ogre is almost dead.
The two-headed ogre's fire resistance burns away.
* * * LOW HITPOINT WARNING * * *
The two-headed ogre hits you with a +0 giant spiked club.
* * * LOW HITPOINT WARNING * * *
The two-headed ogre closely misses you.
Maggie gestures wildly while chanting.
Maggie attempts to bespell you! You resist with almost no effort.
Casting: Scorch (safe; 2% risk of failure)
Press: ? - help, Q - select action, (/) - cycle Dir - look around, f - activate Flames lash the two-headed ogre.
The two-headed ogre is burned terribly!
The two-headed ogre is almost dead.
* * * LOW HITPOINT WARNING * * *
The two-headed ogre hits you with a +0 giant spiked club!!
You die...

.......###....................###
...............###...##........##
.............#...##..##@.......##
.........###.##.................#
.......# ..........@.............
......#.. ......#†...######.#####
.<....... ##.......#.........s.
.......## #.#O#...#.####.####.
.......# #..@#...# .... #.
.......# #.......# #.##.# #O
.......# ....#.###.# # ...#.#s
.......# #.#.#.... ... .._.....
......## .....##. .#. #...#.#.
.....#.. ###.. .. .# ##. #.#.
##...... ##. .. . #. .....# ...
## #. .....# ..


You could see Maggie and a two-headed ogre (combustible).

Vanquished Creatures
  An ice beast (D:3)
  An ogre (D:5)
  2 necrophages
  A kobold brigand (D:6)
  A phantom (D:5)
  3 scorpions
  A water moccasin zombie (D:6)
  A jelly (D:4)
  An orc priest (D:4)
  5 hounds
  A bullfrog skeleton (D:6)
  An iguana (D:4)
  7 orc wizards
  A killer bee zombie (D:5)
  A hound skeleton (D:5)
  7 adders
  A shadow imp (D:5)
  An adder skeleton (D:4)
  A worm (D:4)
  3 dart slugs
  23 orcs
  9 endoplasms
  3 giant cockroaches
  7 goblins
  5 hobgoblins
  5 quokkas
  4 ball pythons
  2 bats
  2 frilled lizards
  10 kobolds
  8 rats
119 creatures vanquished.

Vanquished Creatures (others)
  4 plants (D:5)
4 creatures vanquished.

Grand Total: 123 creatures vanquished

Notes
Turn   | Place    | Note
-------+----------+-------------------------------------------
     0 | D:1      | lunkers the Djinni Cinder Acolyte began the quest for the
                  | Orb.
     0 | D:1      | Reached XP level 1. HP: 20/20 MP: 0/0
   182 | D:1      | Reached XP level 2. HP: 16/25 MP: 0/0
   969 | D:1      | Reached XP level 3. HP: 18/30 MP: 0/0
   969 | D:1      | Learned a level 1 spell: Sting
   981 | D:1      | Reached skill level 3 in Spellcasting
  1480 | D:2      | Found Pysosm's Antique Weapon Shop.
  2182 | D:2      | Found a faded altar of an unknown god.
  2384 | D:3      | Reached XP level 4. HP: 29/36 MP: 0/0
  2501 | D:3      | Noticed an ice beast
  2542 | D:3      | Killed an ice beast
  2543 | D:3      | Reached skill level 4 in Spellcasting
  2543 | D:3      | Reached XP level 5. HP: 8/41 MP: 0/0
  2543 | D:3      | Learned a level 2 spell: Call Imp
  2872 | D:3      | Reached XP level 6. HP: 43/47 MP: 0/0
  2932 | D:3      | Found a runed translucent door.
  2932 | D:3      | Noticed a human
  2935 | D:3      | Found a basalt altar of Yredelemnul.
  2941 | D:3      | Found a hide-covered altar of Uskayaw.
  4406 | D:4      | Noticed a necrophage
  4411 | D:4      | Killed a necrophage
  4412 | D:4      | Reached skill level 5 in Fighting
  4412 | D:4      | Reached skill level 5 in Spellcasting
  4412 | D:4      | Reached XP level 7. HP: 44/54 MP: 0/0
  4412 | D:4      | Learned a level 3 spell: Lesser Beckoning
  5118 | D:4      | Found Nyaw's Magic Scroll Emporium.
  5387 | D:5      | Entered Level 5 of the Dungeon
  5537 | D:5      | Reached XP level 8. HP: 57/61 MP: 0/0
  5605 | D:5      | Found an iron altar of Okawaru.
  5651 | D:5      | Identified the +7 mace of Internal Strife {vorpal, Will+
                  | Int+8}
  5660 | D:5      | Reached skill level 6 in Spellcasting
  6150 | D:5      | Found a white marble altar of Elyvilon.
  6319 | D:5      | Found a shadowy altar of Dithmenos.
  6833 | D:6      | Found a shimmering altar of Xom.
  7078 | D:6      | Noticed a two-headed ogre
  7095 | D:6      | Noticed Maggie
  7097 | D:6      | Found a sacrificial altar of Ru.
  7123 | D:6      | Reached skill level 7 in Spellcasting
  7124 | D:6      | Slain by a two-headed ogre

Illustrated notes

Levels and vault maps discovered:
D:1:      grunt_arrival_lava_bath, layout_basic
D:2:      layout_basic, serial_shops, nicolae_shop_waterfront,
          shapermc_ecumenical_altar_mp_vishouse
D:3:      layout_basic, nicolae_uskayaw_dance_hall, dk_yredelemnul_ordeal
D:4:      layout_loops_ring, serial_shops, nicolae_square_shop
D:5:      layout_cave_pods, nicolae_elyvilon_temple_path,
          okawaru_ov_weapons_minmay, grunt_dithmenos_smoke_and_mirrors,
          minmay_a_box_with_orc_wizards_in_it
D:6:      layout_rooms, nicolae_ru_sacrificial_ziggurat,
          mainiacjoe_overflow_alcove_4, minmay_temple_entry_wispy,
          hangedman_glass_teeth, minmay_chambers_of_fives, uniq_maggie

Skill      XL: |  1  2  3  4  5  6  7  8 |
---------------+-------------------------+-----
Spellcasting   | 3 4 5 7 |  7.0
Fighting       | 4 5 6 |  6.6
Short Blades   | |  2.6

Action                   |  1- 3 |  4- 6 |  7- 9 || total
-------------------------+-------+-------+-------++-------
Melee: Short sword       |    28 |     4 |       ||    32
       Dagger            |       |     2 |       ||     2
 Cast: Scorch            |    42 |    55 |   113 ||   210
Evoke: Wand              |       |       |     1 ||     1
  Use: Scroll            |       |       |     8 ||     8
Armor: Robe              |     8 |       |       ||     8
       Scale mail        |       |     9 |    14 ||    23
Dodge: Dodged            |    34 |    13 |    14 ||    61

Table legend: (Time is in decaauts)
 A = Elapsed time spent in this place.
 B = Non-inter-level travel time spent in this place.
 C = Inter-level travel time spent in this place.
 D = Time resting spent in this place.
 E = Time spent auto-exploring this place.
 F = Levels seen in this place.
 G = Mean time per level.
                   A        B        C        D        E       F      G
               +--------+--------+--------+--------+--------+-----+--------+
         Total |   7120 |   6959 |    161 |    432 |   5715 |   6 | 1186.7 |
       Dungeon |   7120 |   6959 |    161 |    432 |   5715 |   6 | 1186.7 |
               +--------+--------+--------+--------+--------+-----+--------+

Top non-repeatable levels by time:
     D:4: 1790 daAuts
     D:1: 1451 daAuts
     D:5: 1266 daAuts
     D:3: 1265 daAuts
     D:2: 876 daAuts
     D:6: 468 daAuts
